Description

Standard opener after 5.0.16

Replay - tvp-8-worker-standard

Build Order

Get SALT Encoding   

  8  0:00  SCV  
  9  0:12  SCV  
  10  0:24  SCV  
  10  0:28  Supply Depot  
  11  0:36  SCV  
  12  0:48  SCV  
  13  0:53  Barracks  
  13  1:01  SCV  
  14  1:04  Refinery  
  14  1:13  SCV  
  14  1:15  Refinery  
  15  1:25  SCV  
  17  1:44  Reaper, Orbital Command  
  17  2:05  Factory  
  17  2:10  SCV  
  17  2:12  Supply Depot  
  18  2:17  Reaper  
  18  2:22  SCV  
  21  2:50  Hellion  
  24  2:56  Command Center  
  24  2:58  Barracks Reactor  
  25  3:09  Starport  
  25  3:19  Supply Depot  
  26  3:23  Widow Mine  
  29  3:41  Marine x2  
  31  3:46  Medivac, Widow Mine  
  37  4:08  Orbital Command, Marine x2  
  40  4:10  Factory Tech Lab  
  40  4:14  Supply Depot  
  41  4:28  Marine x2  
  41  4:29  Siege Tank  
  46  4:34  Liberator  
  51  4:42  Supply Depot  
  52  4:46  Marine x2  
  60  5:12  Barracks  
  61  5:17  Marine x2  
  61  5:18  Barracks  
  65  5:23  Starport Tech Lab  
  65  5:26  Refinery  
  66  5:28  Engineering Bay  
Spawning Tool Build Advisor. Get it on Overwolf

Go to:

Details

  • Created by: StoicLoofah
  • Published on: Jun 25, 2026
  • Patch: 5.0.16
  • Difficulty: Easy
Show
View Real Time Build Order
Export as new Build Order

Comments (0)

There are no comments. Be the first!

Create an account to comment!